 Dungeon Crawl Stone Soup version 0.29.0-4-gdea44cf6ec (webtiles) character file.

Game seed: 12722760774931876891

1245 qw the Cleaver (level 8, -2/76 HPs)
             Began as a Gargoyle Berserker on Sept 5, 2022.
             Was a Believer of Trog.
             Slain by a wight
             ... wielding a +3 battleaxe
              (5 damage)
             ... on level 5 of the Dungeon.
             The game lasted 00:01:50 (4925 turns).

qw the Cleaver (Gargoyle Berserker)                 Turns: 4925, Time: 00:01:50

Health: -2/76      AC: 16    Str: 23    XL:     8   Next: 50%
Magic:  8/8        EV: 10    Int:  8    God:    Trog [**....]
Gold:   307        SH:  5    Dex:  9    Spells: 7/7 levels left

rFire   . . .      SeeInvis .   Y - +0 hand axe
rCold   . . .      Faith    .   (no shield)
rNeg    + . .      Spirit   .   m - +0 scale mail
rPois   inf        Reflect  +   l - +0 helmet
rElec   +          Harm     .   (no cloak)
rCorr   .          Rampage  .   c - +0 pair of gloves
Will    .....                   g - +1 pair of boots
Stlth   ..........              j - amulet of reflection
HPRegen 0.22/turn               (no ring)
MPRegen 0.11/turn               (no ring)

@: berserking (expiring), very quick
A: sickness immunity, AC +5, negative energy resistance 1, electricity
resistance, torment resistance 1, petrification resistance
a: Renounce Religion, Berserk, Trog's Hand


You were on level 5 of the Dungeon.
You worshipped Trog.
Trog was pleased with you.
You visited 1 branch of the dungeon, and saw 5 of its levels.

You collected 307 gold pieces.


Innate Abilities, Weirdness & Mutations

You are immune to sickness and miasma.
Your stone body is resilient. (AC +5)
You are immune to poison.
You resist negative energy. (rN+)
You are resistant to electric shocks. (rElec)
You are resistant to unholy torment.
You are immune to petrification.


   Skills:
 - Level 6.0 Fighting
 + Level 8.4 Axes
 - Level 3.0 Armour
 - Level 1.5 Dodging


You had 7 spell levels left.
You didn't know any spells.
Your spell library was empty.

Inventory:

Hand Weapons
 a - a +1 flail of holy wrath
 Y - a +0 hand axe (weapon)
Armour
 c - a +0 pair of gloves (worn)
 g - a +1 pair of boots (worn)
 l - a +0 helmet (worn)
 m - a +0 scale mail (worn)
Jewellery
 j - an amulet of reflection (around neck)
 k - a ring of ice
Scrolls
 b - a scroll of identify
Potions
 d - a potion of curing {unknown}

Dungeon Overview and Level Annotations

Branches:
Dungeon (5/15)             Temple (0/1) D:4

Altars:
Gozag


Message History

The gnoll is heavily wounded.
You barely miss the gnoll.
The gnoll is heavily wounded.
You barely miss the gnoll.
The gnoll is heavily wounded.
The gnoll closely misses you.
You barely miss the gnoll.
The gnoll is heavily wounded.
You slash the gnoll!
You kill the gnoll!
Trog accepts your kill. The gnoll barely misses you.
You barely miss the gnoll.
The gnoll is heavily wounded.
You closely miss the wight. You slash the gnoll!
You kill the gnoll!
Trog accepts your kill.
You barely miss the wight. You block the wight's attack.
You hit the wight.
The wight is lightly damaged.
The wight hits you from afar with a +0 trident!
The wight hits you but does no damage.
You hit the wight but do no damage.
The wight is lightly damaged.
You hit the wight.
The wight is moderately damaged.
The wight hits you from afar with a +0 trident.
You slash the wight!
You destroy the wight!
Trog accepts your kill.
You hit the wight but do no damage. You slash the wight!
The wight is severely damaged.
The wight closely misses you. x2
You barely miss the wight.
The wight is severely damaged.
The wight hits you with a +3 battleaxe.
You die...

....#
####.#
#######
.....#
#.##
....##
#..#
...##
##.#
.###
#.## ##
#..#
##.##
#))# ##
#@)#
.##
##z#
..# ?z#
..##
#.#
...# ..
...#
..# ..#
#.# ..#
.. ..#


You could see 2 wights.

Vanquished Creatures
  A sky beast (D:5)
  3 ogres (D:4)
  A phantom (D:4)
  A bullfrog (D:5)
  A gnoll sergeant (D:5)
  2 scorpions (D:4)
  A wight (D:5)
  5 hounds
  A gnoll bouda (D:5)
  A jelly (D:5)
  2 orc wizards
  16 gnolls
  3 adders
  3 worms
  3 dart slugs
  8 orcs
  7 bats
  6 endoplasms
  3 giant cockroaches
  3 goblins
  7 hobgoblins
  4 jackals (D:2)
  A quokka (D:2)
  7 ball pythons
  2 frilled lizards
  8 kobolds
  4 rats (D:2)
104 creatures vanquished.

Notes
Turn   | Place    | Note
-------+----------+-------------------------------------------
     0 | D:1      | qw the Gargoyle Berserker began the quest for the Orb.
     0 | D:1      | Reached XP level 1. HP: 14/14 MP: 1/1
     0 | D:1      | 0 ||| qw: Version: 0.1-a-104-g96f76f8
     0 | D:1      | 0 ||| qw: Game counter: 5901
     0 | D:1      | 0 ||| qw: Always use a shield: true
     0 | D:1      | 0 ||| qw: Do Orc after D:15 true
     0 | D:1      | 0 ||| qw: Do second Lair branch before Depths: true
     0 | D:1      | 0 ||| qw: Lair rune preference: random
     0 | D:1      | 0 ||| qw: Plans: Normal
     0 | D:1      | 0 ||| PLANNING D:1-11
   119 | D:1      | Found a faded altar of an unknown god.
   243 | D:1      | Reached skill level 3 in Axes
   245 | D:1      | Reached XP level 2. HP: 12/19 MP: 2/2
   246 | D:1      | 246 ||| INVOKING Berserk.
   560 | D:1      | 560 ||| DROPPING +0 club.
   733 | D:1      | 733 ||| Stepping ~*~*~tactically~*~*~ (stealth).
   744 | D:1      | 744 ||| Stepping ~*~*~tactically~*~*~ (stealth).
   745 | D:1      | 745 ||| Stepping ~*~*~tactically~*~*~ (stealth).
  1018 | D:1      | 1018 ||| UPGRADING to +0 leather armour.
  1028 | D:1      | 1028 ||| DROPPING +0 animal skin.
  1029 | D:1      | 1029 ||| UPGRADING to +1 pair of boots.
  1034 | D:1      | 1034 ||| READING scroll labelled FUESOAG JEMOMN.
  1035 | D:1      | 1035 ||| READING scroll labelled EKETEX RUXTI.
  1036 | D:1      | 1036 ||| READING scroll labelled NINAHU TOGE.
  1037 | D:1      | 1037 ||| READING scroll labelled ROATHR QUFYU.
  1288 | D:2      | 1288 ||| Stepping ~*~*~tactically~*~*~ (hiding).
  1289 | D:2      | 1289 ||| Stepping ~*~*~tactically~*~*~ (stealth).
  1292 | D:2      | 1292 ||| INVOKING Berserk.
  1294 | D:2      | Reached XP level 3. HP: 23/23 MP: 3/3
  1303 | D:2      | Reached skill level 4 in Axes
  1309 | D:2      | Reached XP level 4. HP: 22/28 MP: 4/4
  1439 | D:2      | 1439 ||| Stepping ~*~*~tactically~*~*~ (stealth).
  1440 | D:2      | 1440 ||| Stepping ~*~*~tactically~*~*~ (stealth).
  1458 | D:2      | 1458 ||| DROPPING +0 mace.
  1504 | D:2      | 1504 ||| Stepping ~*~*~tactically~*~*~ (stealth).
  1516 | D:2      | 1516 ||| INVOKING Berserk.
  1688 | D:2      | Found an opulent altar of Gozag.
  1707 | D:2      | 1707 ||| Stepping ~*~*~tactically~*~*~ (hiding).
  1809 | D:2      | 1809 ||| Stepping ~*~*~tactically~*~*~ (hiding).
  1816 | D:2      | Reached ** piety under Trog
  2233 | D:3      | 2233 ||| STAIRDANCE
  2258 | D:3      | 2258 ||| STAIRDANCE
  2371 | D:3      | 2371 ||| Stepping ~*~*~tactically~*~*~ (stealth).
  2376 | D:3      | 2376 ||| Stepping ~*~*~tactically~*~*~ (stealth).
  2377 | D:3      | 2377 ||| Stepping ~*~*~tactically~*~*~ (stealth).
  2622 | D:3      | 2622 ||| Stepping ~*~*~tactically~*~*~ (stealth).
  2749 | D:3      | 2749 ||| Stepping ~*~*~tactically~*~*~ (hiding).
  2752 | D:3      | 2752 ||| Stepping ~*~*~tactically~*~*~ (hiding).
  2762 | D:3      | 2762 ||| INVOKING Berserk.
  2766 | D:3      | Reached skill level 5 in Axes
  2770 | D:3      | Reached XP level 5. HP: 33/33 MP: 5/5
  2921 | D:3      | 2921 ||| Stepping ~*~*~tactically~*~*~ (stealth).
  2967 | D:3      | 2967 ||| UPGRADING to +0 ring mail.
  2977 | D:3      | 2977 ||| DROPPING +0 leather armour.
  2978 | D:3      | 2978 ||| UPGRADING to +0 helmet.
  2983 | D:3      | 2983 ||| UPGRADING to +0 scale mail.
  2993 | D:3      | 2993 ||| DROPPING +0 ring mail.
  2994 | D:3      | 2994 ||| UPGRADING to amulet of reflection.
  2999 | D:3      | 2999 ||| READING 2 scrolls labelled ECOESM FACIU.
  3000 | D:3      | 3000 ||| READING 2 scrolls of identify.
  3000 | D:3      | 3000 ||| IDENTIFYING bubbling green potion
  3001 | D:3      | 3001 ||| DROPPING potion of lignification.
  3002 | D:3      | 3002 ||| DROPPING scroll of vulnerability.
  3017 | D:4      | 3017 ||| STAIRDANCE
  3034 | D:4      | 3034 ||| STAIRDANCE
  3072 | D:4      | 3072 ||| STAIRDANCE
  3159 | D:4      | Identified the amulet of Ostropt Jyaj {Acrobat -Cast Harm
                  | rPois rCorr}
  3162 | D:4      | 3162 ||| INVOKING Berserk.
  3166 | D:4      | Reached XP level 6. HP: 38/38 MP: 6/6
  3175 | D:4      | 3175 ||| FLEEEEING.
  3176 | D:4      | 3176 ||| FLEEEEING.
  3177 | D:4      | 3177 ||| FLEEEEING.
  3179 | D:4      | 3179 ||| FLEEEEING.
  3180 | D:4      | 3180 ||| FLEEEEING.
  3181 | D:4      | 3181 ||| STAIRDANCE
  3285 | D:4      | 3285 ||| INVOKING Berserk.
  3288 | D:4      | 3288 ||| STAIRDANCE
  3526 | D:4      | 3526 ||| Stepping ~*~*~tactically~*~*~ (stealth).
  3716 | D:4      | Reached skill level 6 in Axes
  3763 | D:4      | Found a staircase to the Ecumenical Temple.
  3773 | D:4      | 3773 ||| INVOKING Berserk.
  4014 | D:4      | 4014 ||| INVOKING Berserk.
  4018 | D:4      | Reached skill level 7 in Axes
  4018 | D:4      | Reached XP level 7. HP: 43/43 MP: 7/7
  4085 | D:4      | 4085 ||| INVOKING Berserk.
  4227 | D:4      | 4227 ||| UPGRADING to +0 pair of gloves.
  4232 | D:4      | 4232 ||| DROPPING orb of light.
  4233 | D:4      | 4233 ||| DRINKING 2 amethyst potions.
  4234 | D:4      | 4234 ||| DRINKING 2 sapphire potions.
  4235 | D:4      | 4235 ||| READING 2 scrolls of identify.
  4235 | D:4      | 4235 ||| IDENTIFYING inky potion
  4236 | D:4      | 4236 ||| DROPPING potion of invisibility.
  4237 | D:4      | 4237 ||| DROPPING potion of magic.
  4238 | D:4      | 4238 ||| DROPPING potion of attraction.
  4241 | D:5      | Entered Level 5 of the Dungeon
  4250 | D:5      | 4250 ||| STAIRDANCE
  4264 | D:4      | Reached skill level 3 in Armour
  4401 | D:5      | Reached XP level 8. HP: 45/49 MP: 8/8
  4433 | D:5      | 4433 ||| Stepping ~*~*~tactically~*~*~ (stealth).
  4436 | D:5      | 4436 ||| Stepping ~*~*~tactically~*~*~ (stealth).
  4439 | D:5      | 4439 ||| Stepping ~*~*~tactically~*~*~ (hiding).
  4443 | D:5      | 4443 ||| Stepping ~*~*~tactically~*~*~ (hiding).
  4444 | D:5      | 4444 ||| Stepping ~*~*~tactically~*~*~ (hiding).
  4452 | D:5      | 4452 ||| INVOKING Berserk.
  4615 | D:5      | 4615 ||| INVOKING Berserk.
  4618 | D:5      | Reached skill level 8 in Axes
  4907 | D:5      | Reached skill level 6 in Fighting
  4909 | D:5      | 4909 ||| INVOKING Berserk.
  4911 | D:5      | HP: 17/76 [gnoll sergeant/+0 trident (8)]
  4920 | D:5      | HP: 7/76 [wight/+0 trident (9)]
  4922 | D:5      | HP: 3/76 [wight/+0 trident (4)]
  4925 | D:5      | Slain by a wight

Levels and vault maps discovered:
D:1:      nicolae_arrival_washed_ashore, layout_loops_cross,
          shapermc_ecumenical_altar_mp_highgroup, minivault_5
D:2:      layout_basic, basic_altar
D:3:      layout_basic
D:4:      layout_rooms, minmay_temple_entry_waves, amcnicky_mini_pool_small
D:5:      layout_cave_pods, zin_statuary, grunt_ministairs_3

Skill      XL: |  1  2  3  4  5  6  7  8 |
---------------+-------------------------+-----
Axes           | 3 4 5 7 8 |  8.4
Fighting       | 4 5 6 |  6.0
Armour         | 3 |  3.0
Dodging        | |  1.5

Action                   |  1- 3 |  4- 6 |  7- 9 || total
-------------------------+-------+-------+-------++-------
Melee: Hand axe          |    67 |   212 |   142 ||   421
       Punch             |       |       |     2 ||     2
Invok: Berserk           |     2 |     6 |     4 ||    12
  Use: Scroll            |     4 |     2 |     1 ||     7
       Potion            |       |       |     2 ||     2
Armor: Animal skin       |    13 |       |       ||    13
       Leather armour    |     5 |    49 |       ||    54
       Scale mail        |       |    53 |    66 ||   119
Dodge: Dodged            |    32 |   103 |    59 ||   194
Block: Other             |       |    15 |    24 ||    39

Table legend:
 A = Non-vault XP
 B = Vault XP
 C = Vault XP percentage of total XP
 D = Non-vault monster count
 E = Vault monster count
 F = Vault count percentage of total count
                 A         B        C        D         E       F
            +---------+---------+-------+---------+---------+-------
      Total |    1779 |       0 |   0.0 |     104 |       0 |   0.0
            +---------+---------+-------+---------+---------+-------
        D:1 |      24 |       0 |   0.0 |      13 |       0 |   0.0
        D:2 |      90 |       0 |   0.0 |      28 |       0 |   0.0
        D:3 |     146 |       0 |   0.0 |      21 |       0 |   0.0
        D:4 |     776 |       0 |   0.0 |      22 |       0 |   0.0
        D:5 |     743 |       0 |   0.0 |      20 |       0 |   0.0
            +---------+---------+-------+---------+---------+-------
